 Dungeon Crawl Stone Soup version 0.27-a0-1137-g3ef0f4ec91 (webtiles) character file.

Game seed: 3529316322414327655

16 kae the Skirmisher (level 2, 24/24 HPs)
             Began as a Demonspawn Abyssal Knight on May 6, 2021.
             Was a Follower of Lugonu.
             Quit the game on level 1 of the Dungeon.
             The game lasted 00:00:59 (1181 turns).

kae the Skirmisher (Demonspawn Abyssal Knight)      Turns: 1181, Time: 00:01:00

Health: 24/24      AC:  3    Str: 12    XL:     2   Next: 37%
Magic:  4/4        EV: 11    Int: 15    God:    Lugonu [*.....]
Gold:   36         SH:  0    Dex: 12    Spells: 1/1 levels left

rFire    . . .     SeeInvis .   c - +1 dagger (venom)
rCold    . . .     Faith    .   (no shield)
rNeg     . . .     Spirit   .   b - +0 leather armour
rPois    .         Reflect  .   (no helmet)
rElec    .         Harm     .   (no cloak)
rCorr    .         Rampage  .   (no gloves)
Will     .....                  (no boots)
Stlth    +.........             (no amulet)
HPRegen  0.08/turn              (no ring)
MPRegen  0.09/turn              (no ring)

@: no status effects
A: big brain 1
a: Renounce Religion, Depart the Abyss


You were on level 1 of the Dungeon.
You worshipped Lugonu.
Lugonu was aware of your devotion.
You visited 1 branch of the dungeon, and saw 1 of its levels.
You visited the Abyss 1 time.

You collected 36 gold pieces.

Inventory:

Hand Weapons
 a - a +1 falchion
 c - a +1 dagger of venom (weapon)
Armour
 b - a +0 leather armour (worn)
Scrolls
 e - a scroll of blinking {unknown}
Potions
 d - a potion of flight {unknown}
 f - a potion of curing {unknown}


   Skills:
 + Level 3.1 Fighting
 + Level 2.0 Long Blades
 + Level 2.0 Armour
 + Level 1.2 Dodging
 + Level 2.8 Invocations


You had one spell level left.
You didn't know any spells.
Your spell library was empty.

Dungeon Overview and Level Annotations

Branches:
Dungeon (1/15)

Altars:


Innate Abilities, Weirdness & Mutations

You have an unusually large brain. (Int +2)


Message History

There is an open door here.
You hit the bat.
The bat is poisoned.
The bat is severely wounded.
You kill the bat!
Lugonu accepts your kill.
f - a purple potion Key pressed, stopping explore.
No target in view!
No target in view!
No target in view!
No target in view!
A quokka comes into view.
A quokka is nearby!
You hit the quokka.
The quokka is lightly wounded.
The quokka bites you but does no damage.
You hit the quokka but do no damage.
The quokka is lightly wounded.
The quokka barely misses you.
A quokka is nearby!
You hit the quokka but do no damage.
The quokka is poisoned.
The quokka barely misses you.
You hit the quokka.
The quokka looks as sick as possible!
The quokka is severely wounded.
The quokka closely misses you.
A quokka is nearby!
A quokka is nearby!
You hit the quokka.
You kill the quokka!
Lugonu accepts your kill.
No target in view!
A rat comes into view.
The rat moves out of view.
No target in view!
No target in view!
A rat is nearby!
The rat bites you but does no damage.
You closely miss the rat. The rat misses you.
A rat is nearby!
Are you sure you want to abandon this character and quit the game? (Confirm with "yes".)

##### #.... #.###
#.#
##############.###
#.................
#@#########....###
#r# #.....# ...
##....### #..##
##.#.... #..#
#.##### #... #.#
#.#. ##+## #. .
##...## ##.....##


You could see a rat.

Vanquished Creatures
  2 dart slugs (D:1)
  A giant cockroach (D:1)
  A goblin (D:1)
  A hobgoblin (D:1)
  A quokka (D:1)
  3 bats (D:1)
  2 frilled lizards (D:1)
  A kobold (D:1)
12 creatures vanquished.

Vanquished Creatures (others)
  2 plants (D:1)
2 creatures vanquished.

Grand Total: 14 creatures vanquished

Notes
Turn   | Place    | Note
-------+----------+-------------------------------------------
     0 | Abyss:1  | kae the Demonspawn Abyssal Knight began the quest for the
                  | Orb.
     0 | Abyss:1  | Reached XP level 1. HP: 18/18 MP: 2/2
    91 | Abyss:1  | Noticed a starcursed mass
   116 | Abyss:1  | Noticed a large abomination
   159 | Abyss:1  | Noticed a large abomination
   181 | Abyss:1  | Found a corrupted altar of Lugonu.
   181 | Abyss:1  | Noticed a reaper
   198 | Abyss:1  | Noticed a shining eye
   201 | D:1      | Escaped the Abyss
   561 | D:1      | Reached skill level 1 in Dodging
   994 | D:1      | Reached * piety under Lugonu
   995 | D:1      | Gained mutation: You have an unusually large brain. (Int
                  | +2) [demonic ancestry]
   995 | D:1      | Reached XP level 2. HP: 24/24 MP: 4/4
  1181 | D:1      | Quit the game

Illustrated notes

Levels and vault maps discovered:
D:1:      minmay_arrival_cross, layout_loops_corners, serial_forest,
          infiniplex_forest_clump_small, infiniplex_forest_lined_2,
          infiniplex_forest_straight_2, infiniplex_forest_clump_medium,
          infiniplex_forest_clump_C, infiniplex_forest_straight_1,
          infiniplex_forest_end_double, infiniplex_forest_straight_3

Skill      XL: |  1  2 |
---------------+-------+-----
Dodging        | 1 |  1.2
Long Blades    | 2 |  2.0
Armour         | 2 |  2.0
Fighting       | |  3.1
Invocations    | |  2.8

Action                   || total
-------------------------++-------
Melee: Dagger            ||    30
       Falchion          ||     4
Invok: Depart the Abyss  ||     1
Armor: Leather armour    ||    12
Dodge: Dodged            ||    21
       Rpst.: Falchion   ||     1

Table legend: (Time is in decaauts)
 A = Elapsed time spent in this place.
 B = Non-inter-level travel time spent in this place.
 C = Inter-level travel time spent in this place.
 D = Time resting spent in this place.
 E = Time spent auto-exploring this place.
 F = Levels seen in this place.
 G = Mean time per level.
                   A        B        C        D        E       F      G
               +--------+--------+--------+--------+--------+-----+--------+
         Total |   1179 |   1179 |      0 |    246 |    737 |   2 |  589.5 |
       Dungeon |    978 |    978 |      0 |    246 |    646 |   1 |  978.0 |
         Abyss |    201 |    201 |      0 |      0 |     91 |   1 |  201.0 |
               +--------+--------+--------+--------+--------+-----+--------+

Top non-repeatable levels by time:
     D:1: 978 daAuts
 Abyss:1: 201 daAuts
